 Dungeon Crawl Stone Soup version 0.31-a0-152-g6aa68a64a1 (webtiles) character file.

Game seed: 5842632777697685538

189 qw the Shooter (level 5, -4/33 HPs)
             Began as a Gargoyle Hunter on June 10, 2023.
             Slain by a gnoll
             ... wielding a +0 spear
              (5 damage)
             ... on level 3 of the Dungeon.
             The game lasted 00:00:59 (1767 turns).

qw the Shooter (Gargoyle Hunter)                    Turns: 1767, Time: 00:01:00

Health: -4/33      AC: 10    Str: 14    XL:     5   Next: 68%
Magic:  5/5        EV: 10    Int: 10    God:
Gold:   79         SH:  0    Dex: 15    Spells: 4/4 levels left

rFire   . . .        Y - +0 shortbow
rCold   . . .        (shield currently unavailable)
rNeg    + . .        i - +0 ring mail
rPois   inf          (no helmet)
rElec   +            (no cloak)
rCorr   .            (no gloves)
SInv    .            b - +0 pair of boots
Will    .....        d - amulet of regeneration
Stlth   +            (no ring)
HPRegen 1.05/turn    (no ring)
MPRegen 0.09/turn

%: no passive effects
@: about to teleport
A: sickness immunity, AC +4, negative energy resistance 1, electricity
resistance, torment resistance 1, petrification resistance
a: no special abilities


You were on level 3 of the Dungeon.
You visited 1 branch of the dungeon, and saw 3 of its levels.

You collected 79 gold pieces.


Innate Abilities, Weirdness & Mutations

You are immune to sickness and miasma.
Your stone body is resilient. (AC +4)
You are immune to poison.
You resist negative energy. (rN+)
You are resistant to electric shocks. (rElec)
You are resistant to unholy torment.
You are immune to petrification.


   Skills:
 + Level 3.7 Fighting
 - Level 6.0 Ranged Weapons
 - Level 1.0 Armour
 - Level 1.5 Dodging
 - Level 1.1 Stealth


You had 4 spell levels left.
You didn't know any spells.
Your spell library was empty.

Inventory:

Hand Weapons
 Y - a +0 shortbow (weapon)
Armour
 b - a +0 pair of boots (worn)
 g - a +0 helmet
 i - a +0 ring mail (worn)
Jewellery
 d - an amulet of regeneration (around neck)
Scrolls
 e - a scroll of identify
 j - a scroll of torment {unknown}
Potions
 a - a potion of attraction
 f - 3 potions of haste
 h - a potion of curing {unknown}

Dungeon Overview and Level Annotations

Branches:
Dungeon (3/15)

Altars:

Annotations:
D:3 Natasha


Message History

The gnoll hits you with a +0 club. The gnoll hits you but does no damage.
You shoot an arrow. The arrow hits the gnoll!
You kill the gnoll!
The gnoll hits you from afar with a +0 spear.
Natasha casts a spell at you. You resist with some effort.
The gnoll barely misses you.
You shoot an arrow. The arrow barely misses Natasha.
The arrow hits the cerulean imp but does no damage.
The cerulean imp is lightly wounded.
The gnoll barely misses you.
You shoot an arrow. The arrow hits Natasha.
Natasha is moderately wounded.
The cerulean imp hits you from afar with a +1 spear.
Natasha wildly gestures.
Natasha glows brightly for a moment.
Natasha barely misses you. The gnoll closely misses you.
The cerulean imp hits you from afar with a +1 spear.
Natasha misses you.
You shoot an arrow.
The arrow hits Natasha but does no damage.
Natasha is moderately wounded.
The cerulean imp disappears in a puff of smoke!
The gnoll hits you but does no damage. Natasha claws you.
1765 ||| READING scroll of teleportation.
As you read the scroll of teleportation, it crumbles to dust.
You feel strangely unstable. The gnoll closely misses you.
Natasha casts a spell at you. You resist with some effort.
You shoot an arrow. The arrow closely misses Natasha.
The arrow hits the adder.
The adder is moderately wounded.
The gnoll barely misses you. Natasha casts a spell at you.
The magic dart hits you.
You shoot an arrow. The arrow barely misses Natasha.
The arrow closely misses the adder.
The arrow hits the cerulean imp but does no damage.
The gnoll closely misses you. Natasha claws you.
The gnoll hits you from afar with a +0 spear.
You die...

#####......# ###.~...# g
# #...~...# #g##.
#...~~~.# ...###
#....~~.# ...#
####.....~.. ###
###g###...........
....ยค##)................
....5Sh@#.###..........#
.###.####.# ##.#########
#......# #.# ######## #.#
#.# #.# ..# ###


You could see Natasha, a gnoll, a cerulean imp (summoned) and an adder.

Vanquished Creatures
  Jessica (D:3)
  Terence (D:2)
  Robin (D:3)
  3 gnolls (D:3)
  2 adders (D:2)
  3 worms
  A dart slug (D:3)
  3 ball pythons
  2 endoplasms
  A giant cockroach (D:1)
  12 goblins
  11 hobgoblins
  2 jackals (D:2)
  10 kobolds
  3 quokkas
  5 bats
  2 frilled lizards
  5 rats
68 creatures vanquished.

Notes
Turn   | Place    | Note
-------+----------+-------------------------------------------
     0 | D:1      | qw the Gargoyle Hunter began the quest for the Orb.
     0 | D:1      | Reached XP level 1. HP: 12/12 MP: 1/1
     0 | D:1      | 0 ||| qw: Version: 0.2-a-29-gd901d54
     0 | D:1      | 0 ||| qw: Game counter: 3948
     0 | D:1      | 0 ||| qw: Always use a shield: true
     0 | D:1      | 0 ||| qw: God list: Okawaru
     0 | D:1      | 0 ||| qw: Allow faded altars: false
     0 | D:1      | 0 ||| qw: Do Orc after D:15 true
     0 | D:1      | 0 ||| qw: Do second Lair branch before Depths: true
     0 | D:1      | 0 ||| qw: Lair rune preference: random
     0 | D:1      | 0 ||| qw: Plans: Normal, Zot:1-4, Slime:5, God:TSO, Crypt,
                  | Tomb, Abyss, Pan, Hells, Win
     0 | D:1      | 0 ||| PLANNING D:1-11
   104 | D:1      | Reached XP level 2. HP: 15/17 MP: 2/2
   486 | D:1      | Reached XP level 3. HP: 21/21 MP: 3/3
   548 | D:1      | 548 ||| UPGRADING to +0 ring mail.
   558 | D:1      | 558 ||| DROPPING +0 leather armour.
   559 | D:1      | 559 ||| DROPPING ring of flight.
   560 | D:1      | 560 ||| READING scroll labelled MYASSOP JESKID.
   561 | D:1      | 561 ||| READING 2 scrolls labelled RAME ELORATSUAGU.
   562 | D:1      | 562 ||| READING scroll labelled LYUNOYLORGH.
   565 | D:1      | 565 ||| DROPPING scroll of butterflies.
   586 | D:2      | Reached skill level 1 in Armour
   594 | D:2      | Reached skill level 5 in Ranged Weapons
   735 | D:2      | Noticed Terence
   760 | D:2      | HP: 5/22 [Terence/+0 short sword of venom (4)]
   764 | D:2      | HP: 2/22 [Terence/+0 short sword of venom (1)]
   769 | D:2      | Killed Terence
   770 | D:2      | Reached skill level 3 in Fighting
   770 | D:2      | Reached XP level 4. HP: 2/28 MP: 4/4
   883 | D:2      | Found a faded altar of an unknown god.
  1132 | D:2      | 1132 ||| Stepping ~*~*~tactically~*~*~ (water).
  1363 | D:2      | 1363 ||| UPGRADING to +0 pair of boots.
  1368 | D:2      | 1368 ||| UPGRADING to amulet of regeneration.
  1373 | D:2      | 1373 ||| READING scroll labelled TAUNI VONUR.
  1374 | D:2      | 1374 ||| DRINKING 2 fuming silvery potions.
  1375 | D:2      | 1375 ||| READING 2 scrolls of identify.
  1375 | D:2      | 1375 ||| IDENTIFYING amethyst potion
  1396 | D:3      | Noticed Jessica
  1401 | D:3      | Killed Jessica
  1402 | D:3      | Reached XP level 5. HP: 27/32 MP: 5/5
  1455 | D:3      | Noticed Robin
  1473 | D:3      | Killed Robin
  1602 | D:3      | 1602 ||| Stepping ~*~*~tactically~*~*~ (outnumbered).
  1739 | D:3      | 1739 ||| Stepping ~*~*~tactically~*~*~ (outnumbered).
  1748 | D:3      | Noticed Natasha
  1752 | D:3      | Reached skill level 6 in Ranged Weapons
  1764 | D:3      | HP: 5/33 [Natasha (6)]
  1765 | D:3      | 1765 ||| READING scroll of teleportation.
  1767 | D:3      | HP: 1/33 [Natasha (5)]
  1767 | D:3      | Slain by a gnoll

Levels and vault maps discovered:
D:1:      psy_arrival_radial02, layout_rooms
D:2:      layout_basic, basic_ecumenical_altar, chequers_serial_rivers_large_a,
          uniq_terence
D:3:      layout_loops_cross, serial_rivers, chequers_serial_rivers_marsh,
          chequers_serial_rivers_micro_a, chequers_serial_rivers_room_b,
          chequers_serial_rivers_micro_a, chequers_serial_rivers_small_3,
          chequers_serial_rivers_micro_c, uniq_jessica, uniq_robin, uniq_natasha

Skill      XL: |  1  2  3  4  5 |
---------------+----------------+-----
Armour         | 1 |  1.0
Ranged Weapons | 5 6 |  6.0
Fighting       | 3 |  3.7
Dodging        | |  1.5
Stealth        | |  1.1

Action                     |  1- 3 |  4- 6 || total
---------------------------+-------+-------++-------
   Fire: Shortbow          |   152 |   133 ||   285
    Use: Scroll            |     3 |     3 ||     6
         Potion            |       |     1 ||     1
 Armour: Leather armour    |    19 |       ||    19
         Ring mail         |    24 |    47 ||    71
  Dodge: Dodged            |    63 |    58 ||   121

Table legend:
 A = Non-vault XP
 B = Vault XP
 C = Vault XP percentage of total XP
 D = Non-vault monster count
 E = Vault monster count
 F = Vault count percentage of total count
                 A         B        C        D         E       F
            +---------+---------+-------+---------+---------+-------
      Total |     158 |     112 |  41.5 |      53 |      15 |  22.1
            +---------+---------+-------+---------+---------+-------
        D:1 |      35 |       0 |   0.0 |      22 |       0 |   0.0
        D:2 |      60 |      36 |  37.5 |      19 |       1 |   5.0
        D:3 |      63 |      76 |  54.7 |      12 |      14 |  53.8
            +---------+---------+-------+---------+---------+-------
